 Dungeon Crawl Stone Soup version 0.22-a0-93-g6b88ebb (webtiles) character file.

4401 KristoblXynda the Martial Artist (level 10, -3/83 HPs)
             Began as a Yellow Draconian Monk on Jan 23, 2018.
             Was a Priest of Wu Jian.
             Slain by an orc
             ... wielding a +0 short sword
              (4 damage)
             ... on level 9 of the Dungeon.
             The game lasted 00:20:22 (10835 turns).

KristoblXynda the Martial Artist (DrMo)            Turns: 10835, Time: 00:20:23

Health: -3/83      AC: 10    Str: 15    XL:     10   Next: 13%
Magic:  10/10      EV: 14    Int: 14    God:    Wu Jian [***...]
Gold:   301        SH: 10    Dex: 15    Spells: 9/9 levels left

rFire    + . .     SeeInvis .     - Unarmed
rCold    + . .     Gourm    .   j - +0 shield
rNeg     . . .     Faith    .   (armour unavailable)
rPois    +         Spirit   .   (helmet restricted)
rElec    .         Reflect  .   w - +1 cloak
rCorr    +         Harm     .   o - +0 pair of gloves
MR       .....                  (no boots)
Stlth    ++........             y - amulet of Traps {RegenMP Int+3}
HPRegen  0.23/turn              f - ring of protection from fire
MPRegen  0.37/turn              m - ring of poison resistance

@: short of breath, drained
A: spit acid, acid resistance, unfitting armour, beak, blurry vision 1, cold
resistance 1, cold-blooded, AC +7
a: Breathe Acid, Wall Jump, Serpent's Lash, Renounce Religion


You were on level 9 of the Dungeon.
You worshipped Wu Jian.
Wu Jian was most pleased with you.
You were not hungry.

You visited 2 branches of the dungeon, and saw 10 of its levels.
You also visited: Ossuary.

You collected 457 gold pieces.
You spent 156 gold pieces at shops.

Inventory:

Missiles
 u - 3 throwing nets (quivered)
Armour
 j - a +0 shield (worn)
 o - a +0 pair of gloves (worn)
 w - a +1 cloak (worn)
Jewellery
 f - a ring of protection from fire (left hand)
 m - a ring of poison resistance (right hand)
 s - the ring "Cyiwarph" {Ice rPois}
   (You found it on level 4 of the Dungeon)

   [ring of ice]

   It enhances your ice magic.
   It makes you vulnerable to fire.
   It protects you from cold.
   It protects you from poison.
 y - the amulet of Traps (around neck) {RegenMP Int+3}
   (You took it off an orc on level 8 of the Dungeon)

   [amulet of magic regeneration]

   It increases your magic regeneration.
   It affects your intelligence (+3).
Scrolls
 b - 3 scrolls of fear
 c - 4 scrolls of teleportation
 d - a scroll of fog
 e - 2 scrolls of immolation
 g - 3 scrolls of remove curse
 k - a scroll of blinking {unknown}
 r - 2 scrolls of magic mapping
 t - a scroll of vulnerability {unknown}
 x - a scroll of holy word {unknown}
 z - a scroll of amnesia {unknown}
Potions
 h - 2 potions of haste
 i - a potion of brilliance
 n - a potion of curing
 q - a potion of resistance
 v - 2 potions of flight
 B - a potion of might
Books
 p - a book of Minor Magic

   Spells                             Type                      Level
   a - Magic Dart                     Conjuration                  1
   b - Blink                          Translocation                2
   c - Call Imp                       Summoning                    2
   d - Slow                           Hexes                        2
   e - Conjure Flame                  Conjuration/Fire             3
   f - Mephitic Cloud                 Conjuration/Poison/Air       3
Comestibles
 a - 5 rations
 l - 4 chunks of flesh


   Skills:
 + Level 6.2(5.3) Fighting
 + Level 7.4(6.5) Dodging
 - Level 1.7(0.9) Stealth
 + Level 6.8(5.9) Shields
 + Level 10.0(9.0) Unarmed Combat


You had 9 spell levels left.
You didn't know any spells.

Dungeon Overview and Level Annotations

Branches:
Dungeon (9/15)             Temple (1/1) D:7
   Lair: D:8-11         Orc: D:9-12

Altars:
Ashenzari
Cheibriados
Dithmenos
Elyvilon
Fedhas
Gozag
Hepliaklqana
Kikubaaqudgha
Makhleb
Nemelex Xobeh
Okawaru
Qazlal
Ru
Sif Muna
Trog
Uskayaw
Vehumet
Wu Jian
Xom
Yredelemnul
Zin
The Shining One

Shops:
D:8 ?!?}=


Innate Abilities, Weirdness & Mutations

You can spit globs of acid.
You are resistant to acid.
Your golden yellow scales are hard. (AC +7)
You cannot fit into any form of body armour.
You are cold-blooded and may be slowed by cold attacks.
You have a beak for a mouth.
Scrolls take you a little longer to read.
Your flesh is cold resistant. (rC+)


Message History

Unknown command.
You closely miss the orc priest.
The orc priest is almost dead.
You block the orc's attack. The orc misses you. The orc completely misses you.
The orc priest hits you but does no damage.
The orc priest mumbles some strange prayers to Beogh against you.
Beogh smites you!
* * * LOW HITPOINT WARNING * * *
You feel better.
You block the orc's attack. x2; The orc barely misses you.
You block the orc priest's attack.
The orc priest mumbles some strange prayers to Beogh against you.
Beogh smites you!
* * * LOW HITPOINT WARNING * * *
Unknown command.
Really read with blurry vision while enemies are nearby?
You block the orc's attack.
You begin reading the scroll.
You continue reading the scroll.
The orc closely misses you. You block the orc priest's attack. x2
The orc hits you but does no damage. The orc hits you with a short sword.
You die...

#.......?....##.#..........#
#............#..#..........##
#..............##..........+.
#################..........#.
..........#...........##
......[#..#.###########
.......#..#.# ..!...oo....#
#.....o@..### ....!.oo..#
..........# ###########


You could see 2 orc priests and 3 orcs.

Vanquished Creatures
  A two-headed ogre (D:5)
  A wyvern (D:8)
  A human (D:8)
  A hungry ghost (D:9)
  4 orc warriors
  An ice beast (D:5)
  2 phantoms
  A sky beast (D:5)
  A necrophage (D:7)
  2 ogres
  2 bullfrogs
  2 gnoll sergeants (D:7)
  2 scorpions
  3 howler monkeys (D:9)
  2 crimson imps
  2 human zombies (Ossuary)
  2 bullfrog zombies
  4 jellies
  7 orc priests
  2 bullfrog skeletons
  5 hounds
  A centaur skeleton (D:8)
  3 iguanas
  A hell rat (D:9)
  13 orc wizards
  3 worker ants
  A big kobold zombie (Ossuary)
  2 mummies (Ossuary)
  Robin (D:4)
  13 gnolls
  15 adders
  3 river rats (D:9)
  2 oozes
  4 adder zombies (Ossuary)
  6 worms
  3 dart slugs
  7 leopard geckos
  50 orcs
  5 giant cockroaches
  10 goblins
  7 hobgoblins
  7 jackals
  4 quokkas
  11 bats
  7 frilled lizards
  A goblin zombie (Ossuary)
  12 hobgoblin zombies (Ossuary)
  A jackal skeleton (D:7)
  A jackal zombie (Ossuary)
  7 kobolds
  7 kobold zombies (Ossuary)
  A leopard gecko skeleton (D:5)
  8 orc zombies (Ossuary)
  5 rats
  A rat zombie (Ossuary)
271 creatures vanquished.

Notes
Turn   | Place    | Note
-------+----------+-------------------------------------------
     0 | D:1      | KristoblXynda the Draconian Monk began the quest for the Orb.
     0 | D:1      | Reached XP level 1. HP: 19/19 MP: 1/1
   253 | D:1      | Reached XP level 2. HP: 26/26 MP: 2/2
   743 | D:2      | Reached XP level 3. HP: 6/31 MP: 3/3
   749 | D:2      | Reached skill level 4 in Unarmed Combat
   771 | D:2      | HP: 1/31 [kobold/dagger (2)]
  1551 | D:2      | Reached XP level 4. HP: 29/38 MP: 4/4
  2053 | D:3      | Reached skill level 5 in Unarmed Combat
  2053 | D:3      | Reached XP level 5. HP: 45/45 MP: 5/5
  2459 | D:3      | Found a radiant altar of Vehumet.
  2643 | D:4      | Found a shimmering altar of Xom.
  2657 | D:4      | Reached skill level 1 in Shields
  2979 | D:4      | Reached XP level 6. HP: 51/51 MP: 6/6
  3478 | D:4      | Noticed Robin
  3511 | D:4      | Killed Robin
  3936 | D:4      | Reached skill level 6 in Unarmed Combat
  4329 | D:4      | Got a slimy pewter ring
  4378 | D:4      | Found a hazy altar of Hepliaklqana.
  4383 | D:4      | Found a sacrificial altar of Ru.
  4386 | D:4      | Found an opulent altar of Gozag.
  4390 | D:4      | Identified the ring "Cyiwarph" {Ice rPois} (You found it on level 4 of the Dungeon)
  4457 | D:5      | Entered Level 5 of the Dungeon
  4457 | D:5      | Noticed a two-headed ogre
  4509 | D:5      | Your scales start taking on a golden yellow colour.
  4509 | D:5      | Reached XP level 7. HP: 46/57 MP: 7/7
  4816 | D:5      | Reached skill level 7 in Unarmed Combat
  4859 | D:4      | Reached skill level 5 in Dodging
  5425 | D:5      | Reached XP level 8. HP: 50/63 MP: 8/8
  5556 | D:5      | Killed a two-headed ogre
  5556 | D:5      | Reached skill level 8 in Unarmed Combat
  6092 | D:6      | Found a sand-covered staircase.
  6107 | Ossuary  | Entered an ossuary
  6629 | D:6      | Reached skill level 5 in Shields
  6635 | D:6      | Reached skill level 9 in Unarmed Combat
  6637 | D:6      | Reached XP level 9. HP: 47/71 MP: 9/9
  8034 | D:7      | Found a staircase to the Ecumenical Temple.
  8059 | Temple   | Entered the Ecumenical Temple
  8154 | Temple   | Became a worshipper of the Wu Jian Council
  8154 | Temple   | Reached * piety under Wu Jian
  8154 | Temple   | Reached ** piety under Wu Jian
  8455 | D:7      | Reached skill level 5 in Fighting
  9178 | D:8      | Found Ihiol's Gadget Boutique.
  9328 | D:8      | Found Vekhlem's Jewellery Shop.
  9513 | D:8      | Got a pitted ruby amulet
  9714 | D:8      | Found Naka Fosm's Magic Scroll Emporium.
  9728 | D:8      | Identified the amulet of Traps {RegenMP Int+3} (You took it off an orc on level 8 of the Dungeon)
  9755 | D:8      | Found Waaph's Magic Scroll Boutique.
  9920 | D:8      | Found Baolioxi's Distillery.
  9928 | D:8      | Bought a potion of might for 52 gold pieces
  9928 | D:8      | Bought a potion of mutation for 104 gold pieces
  9929 | D:8      | Gained mutation: You evolve. [potion of mutation]
  9929 | D:8      | Gained mutation: Scrolls take you a little longer to read. [potion of mutation]
  9929 | D:8      | Gained mutation: You have a beak for a mouth. [potion of mutation]
  9929 | D:8      | Gained mutation: Your flesh is cold resistant. (rC+) [potion of mutation]
  9954 | D:8      | Lost mutation: You evolve. [evolution]
 10117 | D:9      | Reached XP level 10. HP: 83/83 MP: 10/10
 10145 | D:9      | Noticed a death yak
 10146 | D:9      | Noticed a death yak
 10152 | D:9      | Noticed a death yak
 10237 | D:9      | Reached *** piety under Wu Jian
 10728 | D:9      | Reached skill level 10 in Unarmed Combat
 10763 | D:9      | Found a sparkling altar of Nemelex Xobeh.
 10833 | D:9      | HP: 1/83 [orc priest/divine providence (14)]
 10835 | D:9      | Slain by an orc

Vault maps used:
D:1:      minmay_arrival_plants_in_alcoves, serial_bayou_lagoon_a
D:3:      marbit_many_paths
D:4:      minmay_overflow_temple_star_quad, old_standard_altar,
          minmay_door_square, uniq_robin
D:5:      first_ration
D:6:      nicolae_ossuary_entry_monument
D:7:      minmay_temple_entry_grid
D:8:      serial_shops, kennysheep_mini_moat, shop, shop, nicolae_shop_trees,
          shop, grunt_pizzeria
D:9:      lemuel_round_altar, dpeg_lair_monsters, erik_orc_1, glass_columns_b
Temple:   lightli_temple_of_artemis
Ossuary:  ossuary_tomb_1

Skill      XL: |  1  2  3  4  5  6  7  8  9 10 |
---------------+-------------------------------+-----
Dodging        | 3 4 5 6 7 |  7.4
Unarmed Combat | 4 5 6 7 9 10 | 10.0
Shields        | 1 2 3 5 6 |  6.8
Fighting       | 5 6 |  6.2
Stealth        | |  1.7

Action                   |  1- 3 |  4- 6 |  7- 9 | 10-12 || total
-------------------------+-------+-------+-------+-------++-------
Melee: Unarmed           |   147 |   222 |   585 |    91 ||  1045
       Tailslap          |    17 |    27 |    94 |    18 ||   156
       Punch             |     2 |     5 |    20 |       ||    27
       Peck              |       |       |     1 |    19 ||    20
Invok: Whirlwind         |       |       |    10 |     6 ||    16
       Wall Jump         |       |       |     8 |    13 ||    21
       Lunge             |       |       |     8 |     4 ||    12
 Abil: Breathe Acid      |       |       |    10 |     2 ||    12
  Use: Potion            |     1 |     1 |     4 |     1 ||     7
       Scroll            |       |     4 |     8 |     2 ||    14
 Stab: Sleeping          |     4 |     2 |     7 |       ||    13
  Eat: Chunk             |     2 |     7 |     9 |       ||    18
       Ration            |       |     1 |     3 |     1 ||     5
Armor: Skin              |    54 |    58 |   124 |    14 ||   250
Dodge: Dodged            |   132 |   176 |   379 |    52 ||   739
Block: Shield            |       |       |    34 |    59 ||    93

Table legend:
 A = Spawn XP
 B = Non-spawn XP
 C = Spawn XP percentage of total XP
 D = Spawn monster count
 E = Non-spawn monster count
 F = Spawn count percentage of total count
 G = Total turns spent on level
                    A         B        C        D         E        F      G
               +---------+---------+-------+---------+---------+-------+---------
         Total |       0 |    6288 |   0.0 |       0 |     271 |   0.0 | 10835
               +---------+---------+-------+---------+---------+-------+---------
           D:1 |       0 |      30 |   0.0 |       0 |      16 |   0.0 |   989
           D:2 |       0 |      71 |   0.0 |       0 |      21 |   0.0 |   625
           D:3 |       0 |     199 |   0.0 |       0 |      28 |   0.0 |  1300
           D:4 |       0 |     397 |   0.0 |       0 |      26 |   0.0 |  1767
           D:5 |       0 |    1659 |   0.0 |       0 |      27 |   0.0 |  1340
           D:6 |       0 |     603 |   0.0 |       0 |      21 |   0.0 |   843
           D:7 |       0 |    1520 |   0.0 |       0 |      46 |   0.0 |  1744
           D:8 |       0 |     798 |   0.0 |       0 |      20 |   0.0 |   911
           D:9 |       0 |     812 |   0.0 |       0 |      27 |   0.0 |   746
       Ossuary |       0 |     199 |   0.0 |       0 |      39 |   0.0 |   458
               +---------+---------+-------+---------+---------+-------+---------
